 Dungeon Crawl Stone Soup version 0.31-a0-180-g519b7de00c (webtiles) character file.

Game seed: 6516080709260760438

56 mopl the Magician (level 3, 0/21 HPs)
             Began as an Octopode Hedge Wizard on June 19, 2023.
             Succumbed to an adder's poison
             ... on level 3 of the Dungeon.
             The game lasted 00:01:50 (1020 turns).

mopl the Magician (Octopode Hedge Wizard)           Turns: 1020, Time: 00:01:51

Health: 0/21       AC:  1    Str:  9    XL:     3   Next: 95%
Magic:  3/8        EV: 13    Int: 18    God:
Gold:   69         SH:  0    Dex: 11    Spells: 3/9 levels left

rFire   . . .        a - +0 dagger
rCold   . . .        (no shield)
rNeg    . . .        b - +0 hat
rPois   .            (no amulet)
rElec   .            (no ring)
rCorr   .            (no ring)
SInv    .            (no ring)
Will    .....        (no ring)
Stlth   +++          (no ring)
HPRegen 0.23/turn    (no ring)
MPRegen 0.11/turn    (no ring)
                     (no ring)

%: no passive effects
@: lethally poisoned (0 -> -5), on blink cooldown, very slightly contaminated
A: almost no armour, amphibious, 8 rings, camouflage 1, gelatinous body 1,
(nimble swimmer 1), tentacles
a: no special abilities


You were on level 3 of the Dungeon.
You visited 1 branch of the dungeon, and saw 3 of its levels.

You collected 69 gold pieces.

Inventory:

Hand Weapons
 a - a +0 dagger (weapon)
Missiles
 d - 2 boomerangs
Armour
 b - a +0 hat (worn)
Scrolls
 e - 4 scrolls of identify {unknown}
 h - a scroll of revelation {unknown}
 j - a scroll of teleportation {unknown}
Potions
 c - a potion of magic
 f - a potion of curing {unknown}
 g - a potion of cancellation {unknown}
 i - a potion of resistance {unknown}


   Skills:
 - Level 2.0 Dodging
 - Level 2.6 Stealth
 + Level 3.5 Spellcasting
 + Level 2.1 Conjurations
 - Level 1.0 Summonings
 + Level 2.1 Translocations
 + Level 0.4 Poison Magic


You had 3 spell levels left.
You knew the following spells:

 Your Spells              Type           Power      Damage    Failure   Level
a - Magic Dart            Conj           40%        1d5       6%          1
c - Mephitic Cloud        Conj/Pois/Air  6%         N/A       32%         3
e - Blink                 Tloc           20%        N/A       10%         2

Your spell library contained the following spells:

 Spells                   Type           Power      Damage    Failure   Level
 Slow                     Hex            12%        N/A       16%         1
 Call Imp                 Summ           12%        N/A       16%         2
 Cigotuvi's Dreadful Rot  Necr/Pois/Air  6%         N/A       22%         2


Dungeon Overview and Level Annotations

Branches:
Dungeon (3/15)

Altars:


Innate Abilities, Weirdness & Mutations

You cannot wear most types of armour.
You are amphibious.
You can wear up to eight rings at the same time.
Your skin changes colour to match your surroundings (Stealth+).
Your rubbery body absorbs attacks. (AC +1, EV +1)
((You are camouflaged when in or above water. (Stealth+)))
You have tentacles for arms and can constrict up to eight enemies at once.


Message History

You grab the black bear.
The black bear is lightly wounded.
You constrict the black bear, but do no damage.
You hit the black bear.
You squeeze the black bear, but do no damage.
The black bear is lightly wounded.
You constrict the black bear.
An adder comes into view.
The black bear escapes!
You barely miss the hobgoblin. You grab the hobgoblin.
You squeeze the hobgoblin.
The hobgoblin is almost dead.
You constrict the hobgoblin, but do no damage.
The hobgoblin barely misses you.
You hit the hobgoblin.
You kill the hobgoblin!
The black bear bites you but does no damage.
The black bear misses you. The black bear barely misses you.
The black bear bites you. The black bear claws you. x2
The adder attacks as you move away! The adder bites you.
You are poisoned.
The adder poisons you!
You feel sick.
You feel sick. The adder bites you.
* * * LOW HITPOINT WARNING * * *
You are lethally poisoned!
The adder poisons you! The adder attacks as you move away!
The adder barely misses you.
* * * LOW HITPOINT WARNING * * *
You feel very sick.
Casting: Mephitic Cloud (astonishingly dangerous; 32% risk of failure)
Confirm with . or Enter, or press ? or * to list all spells.
You miscast Blink.
You are very lightly contaminated with residual magic.
Nothing appears to happen.
* * * LOW HITPOINT WARNING * * *
You feel sick. The adder bites you but does no damage.
Casting: Blink (safe; 10% risk of failure)
Confirm with . or Enter, or press ? or * to list all spells.
You blink.
You die...

.. ... .....#.#.# ....#.#.
....... ###
....#.###########.#####
#.......$............# .
#.....@..#######.###.# ...
###........# #.# #.#
.....##...<......#######.# #.#
..........ยง............#.###.#
#..##...S.##########.......##
.#.........# #...........#
...........)#######.##..<#.#.##
............<..............#.#
###....###.########........###


You could see an adder.

Vanquished Creatures
  2 adders
  A worm (D:2)
  A dart slug (D:1)
  6 ball pythons
  5 bats
  An endoplasm (D:1)
  A giant cockroach (D:2)
  A goblin (D:2)
  4 hobgoblins
  2 jackals (D:2)
  2 kobolds
  3 frilled lizards
  2 rats
31 creatures vanquished.

Notes
Turn   | Place    | Note
-------+----------+-------------------------------------------
     0 | D:1      | mopl the Octopode Hedge Wizard began the quest for the Orb.
     0 | D:1      | Reached XP level 1. HP: 11/11 MP: 4/4
   201 | D:1      | Reached XP level 2. HP: 17/17 MP: 3/6
   204 | D:1      | Learned a level 2 spell: Blink
   708 | D:2      | Reached XP level 3. HP: 21/21 MP: 2/7
   759 | D:2      | Reached skill level 2 in Conjurations
   840 | D:2      | Reached skill level 2 in Translocations
   912 | D:3      | Learned a level 3 spell: Mephitic Cloud
   967 | D:3      | Noticed a black bear
  1019 | D:3      | HP: 1/21 [poisoned by an adder]
  1020 | D:3      | Succumbed to an adder's poison

Illustrated notes

Levels and vault maps discovered:
D:1:      dpeg_arrival_lava_altar, layout_basic
D:2:      layout_rooms
D:3:      layout_basic, okawaru_gym_becter

Skill      XL: |  1  2  3 |
---------------+----------+-----
Conjurations   | 2 |  2.1
Translocations | 2 |  2.1
Dodging        | |  2.0
Stealth        | |  2.6
Spellcasting   | |  3.5
Summonings     | |  1.0
Poison Magic   | |  0.4

Action                     || total
---------------------------++-------
  Melee: Dagger            ||    63
         Constrict         ||    15
         Tentacles         ||     6
   Cast: Magic Dart        ||    27
         Mephitic Cloud    ||     1
         Blink             ||     1
   Stab: Sleeping          ||     5
 Armour: Skin              ||     9
  Dodge: Dodged            ||    44

Table legend: (Time is in decaauts)
 A = Elapsed time spent in this place.
 B = Non-inter-level travel time spent in this place.
 C = Inter-level travel time spent in this place.
 D = Time resting spent in this place.
 E = Time spent auto-exploring this place.
 F = Levels seen in this place.
 G = Mean time per level.
                   A        B        C        D        E       F      G
               +--------+--------+--------+--------+--------+-----+--------+
         Total |   1019 |    991 |     28 |     20 |    750 |   3 |  339.7 |
       Dungeon |   1019 |    991 |     28 |     20 |    750 |   3 |  339.7 |
               +--------+--------+--------+--------+--------+-----+--------+

Top non-repeatable levels by time:
     D:1: 539 daAuts
     D:2: 367 daAuts
     D:3: 112 daAuts
